 Dungeon Crawl Stone Soup version 0.30-a0-1163-gf69bf04e7a (webtiles) character file.

Game seed: 7407046346560170718

26 ytrimaz the Slasher (level 2, 0/22 HPs)
             Began as a Demonspawn Gladiator on Apr 28, 2023.
             Succumbed to an adder's poison
             ... on level 2 of the Dungeon.
             The game lasted 00:00:31 (792 turns).

ytrimaz the Slasher (Demonspawn Gladiator)           Turns: 792, Time: 00:00:31

Health: 0/22       AC:  4    Str: 14    XL:     2   Next: 89%
Magic:  2/2        EV: 13    Int:  9    God:
Gold:   24         SH:  4    Dex: 14    Spells: 1/1 levels left

rFire   . . .        a - +0 long sword
rCold   . . .        (no shield)
rNeg    . . .        b - +0 leather armour
rPois   .            c - +0 helmet
rElec   .            (no cloak)
rCorr   .            (no gloves)
SInv    .            (no boots)
Will    .....        (no amulet)
Stlth   +            (no ring)
HPRegen 0.23/turn    (no ring)
MPRegen 0.08/turn

%: no passive effects
@: lethally poisoned (0 -> -3), hasted, very quick
A: condensation shield
a: no special abilities


You were on level 2 of the Dungeon.
You visited 1 branch of the dungeon, and saw 2 of its levels.

You collected 24 gold pieces.


Innate Abilities, Weirdness & Mutations

A meltable shield of frost defends you. (SH +4)


   Skills:
 - Level 2.0 Fighting
 * Level 6.2 Long Blades
 - Level 1.7 Throwing
 + Level 4.7 Dodging


You had one spell level left.
You didn't know any spells.
Your spell library contained the following spells:

 Spells                   Type           Power      Damage    Failure   Level
 Blink                    Tloc           0%         N/A       61%         2
 Manifold Assault         Tloc           0%         N/A       99%         4
 Storm Form               Tmut/Air       0%         N/A       100%        7

Inventory:

Hand Weapons
 a - a +0 long sword (weapon)
Missiles
 d - 3 throwing nets (quivered)
 e - a javelin
Armour
 b - a +0 leather armour (worn)
 c - a +0 helmet (worn)
Scrolls
 f - 2 scrolls of identify {unknown}
 h - a scroll of vulnerability {unknown}
 i - a scroll of silence {unknown}
 k - a scroll of magic mapping {unknown}
 m - a scroll of amnesia {unknown}
Potions
 g - a potion of heal wounds {unknown}

Dungeon Overview and Level Annotations

Branches:
Dungeon (2/15) Zot: 11199

Altars:

#. .# #.
#.#+#####+#+#.#
##.##.......(.....# .
..................# ..
.................# ...
................# ...
#.......r....# #.#..
#....w.@S....#
......#+#...?........#
#......<.............#
............###+#+#....
##..........# ...
##+#.......# ##
###....... #........
#...#..###


You could see a worm, an adder and a rat.


Message History

You take 2 damage, and now have 14/16 hp.
You barely miss the kobold. The kobold hits you but does no damage.
You hit the kobold.
You kill the kobold!
No target in view!
No target in view!
No target in view!
No target in view!
No target in view!
You now have 24 gold pieces (gained 7).
Key pressed, stopping explore.
Key pressed, stopping explore.
You see here 3 boomerangs.
Key pressed, stopping explore.
m - a scroll labelled JOUDIK RULU 😎 HP[+2]
Your hp is fully restored (16).
A ball python comes into view.
The ball python hisses angrily.
A ball python is nearby!
A ball python is nearby!
A ball python is nearby!
You slash the ball python!
You kill the ball python!
No target in view!
No target in view!
No target in view!
No target in view!
No target in view!
No target in view!
No target in view!
No target in view!
No target in view!
Key pressed, stopping explore.
Unknown command.
Key pressed, stopping explore.
Key pressed, stopping explore.
Key pressed, stopping explore.
Key pressed, stopping explore.
Done exploring.
Done exploring.
There is a stone staircase leading down here.
You climb downwards.
There is a stone staircase leading up here.
Unknown command.
An adder and a worm come into view.
The worm moves out of view.
You see here a scroll labelled HIOROS NAENO.
An adder is nearby!
An adder is nearby!
A rat comes into view.
The adder bites you. 😕 HP[-2]
You take 2 damage, and now have 14/16 hp.
You hit the adder. The adder bites you. The adder barely misses you.
You closely miss the adder. The adder bites you.
You are poisoned.
The adder poisons you! 😮 HP[-3]
You take 3 damage, and now have 11/16 hp.
You closely miss the adder.
You feel sick. The adder completely misses you.
The adder barely misses you. 😮 HP[-2]
You take 2 damage, and now have 9/16 hp.
You closely miss the adder.
You feel sick. The rat bites you but does no damage.
The adder bites you but does no damage. The rat bites you but does no damage.
The adder bites you but does no damage.
Unknown command.
You barely miss the adder.
You feel sick.
You are no longer poisoned.
The adder bites you but does no damage.
The rat bites you but does no damage. 😨 HP[-1]
You take 1 damage, and now have 8/16 hp.
You miss the adder. The adder bites you.
* * * LOW HITPOINT WARNING * * *
The rat closely misses you. The adder bites you.
* * * LOW HITPOINT WARNING * * *
You are lethally poisoned!
The adder poisons you! 😱 HP[-5]
You take 5 damage, and now have 3/16 hp.
MASSIVE DAMAGE!! (PAUSE)
You hit the adder.
* * * LOW HITPOINT WARNING * * *
You feel sick. The adder barely misses you. The rat barely misses you. 😱 HP[-2]
You take 2 damage, and now have 1/16 hp.
Unknown command.
It was a potion of haste.
You feel yourself speed up.
* * * LOW HITPOINT WARNING * * *
You feel sick. The adder bites you but does no damage.
The rat barely misses you. The adder bites you but does no damage.
It was a potion of experience.
You feel more experienced!
Your Long Blades skill gained 3 levels and is now at level 6!
Your Dodging skill gained 2 levels and is now at level 4!
You have reached level 2!
Your demonic ancestry asserts itself...
Frost condenses into a shield before you.
You die...

Skill      XL: |  1 |
---------------+----+-----
Long Blades    | 6 |  6.2
Dodging        | 4 |  4.7
Fighting       | |  2.0
Throwing       | |  1.7

Action                     || total
---------------------------++-------
  Melee: Long sword        ||    34
         Punch             ||     1
    Use: Potion            ||     2
 Armour: Leather armour    ||    20
  Dodge: Dodged            ||    25

Levels and vault maps discovered:
D:1:      ncdulo_lavacross, layout_basic, basic_ecumenical_altar
D:2:      layout_basic

Notes
Turn   | Place    | Note
-------+----------+-------------------------------------------
     0 | D:1      | ytrimaz the Demonspawn Gladiator began the quest for the
                  | Orb.
     0 | D:1      | Reached XP level 1. HP: 16/16 MP: 1/1
     0 | D:1      | magus.rc [v1.9.6]
   123 | D:1      | Reached skill level 3 in Long Blades
   181 | D:1      | You add the spells Blink, Manifold Assault and Storm Form
                  | to your library.
   312 | D:1      | Found a faded altar of an unknown god.
   789 | D:2      | HP: 3/16 [adder (4)]
   790 | D:2      | HP: 1/16 [poisoned by an adder]
   792 | D:2      | Identified a potion of experience
   792 | D:2      | Reached skill level 6 in Long Blades
   792 | D:2      | Reached skill level 4 in Dodging
   792 | D:2      | Gained mutation: A meltable shield of frost defends you.
                  | (SH +4) [demonic ancestry]
   792 | D:2      | Reached XP level 2. HP: 1/22 MP: 2/2
   792 | D:2      | Succumbed to an adder's poison

Vanquished Creatures
  A giant cockroach (D:1)
  A goblin (D:1)
  A hobgoblin (D:1)
  A ball python (D:1)
  A bat (D:1)
  2 kobolds (D:1)
  A rat (D:1)
8 creatures vanquished.

Table legend:
 A = Non-vault XP
 B = Vault XP
 C = Vault XP percentage of total XP
 D = Non-vault monster count
 E = Vault monster count
 F = Vault count percentage of total count
                 A         B        C        D         E       F
            +---------+---------+-------+---------+---------+-------
      Total |      11 |       0 |   0.0 |       8 |       0 |   0.0
            +---------+---------+-------+---------+---------+-------
        D:1 |      11 |       0 |   0.0 |       8 |       0 |   0.0
            +---------+---------+-------+---------+---------+-------

Skill      XL: |  1 |
---------------+----+-----
Long Blades    | 6 |  6.2
Dodging        | 4 |  4.7
Fighting       | |  2.0
Throwing       | |  1.7

Action                     || total
---------------------------++-------
  Melee: Long sword        ||    34
         Punch             ||     1
    Use: Potion            ||     2
 Armour: Leather armour    ||    20
  Dodge: Dodged            ||    25

Illustrated notes

Table legend:
 A = Kills in this place as a percentage of kills in the entire game.
 B = Kills by you in this place as a percentage of kills by you in the entire game.
 C = Kills by friends in this place as a percentage of kills by friends in the entire game.
 D = Other kills in this place as a percentage of other kills in the entire game.
 E = Experience gained in this place as a percentage of experience gained in the entire game.
 F = Experience gained in this place divided by the number of levels of this place that you have seen.
                   A       B       C       D       E      F
               +-------+-------+-------+-------+-------+----------------------
         Total | 100.0 | 100.0 |   N/A |   N/A | 100.0 |   5.5
       Dungeon | 100.0 | 100.0 |   N/A |   N/A | 100.0 |   5.5
               +-------+-------+-------+-------+-------+----------------------

Table legend: (Time is in decaauts)
 A = Elapsed time spent in this place.
 B = Non-inter-level travel time spent in this place.
 C = Inter-level travel time spent in this place.
 D = Time resting spent in this place.
 E = Time spent auto-exploring this place.
 F = Levels seen in this place.
 G = Mean time per level.
                   A        B        C        D        E       F      G
               +--------+--------+--------+--------+--------+-----+--------+
         Total |    800 |    758 |     42 |      0 |    666 |   2 |  400.0 |
       Dungeon |    800 |    758 |     42 |      0 |    666 |   2 |  400.0 |
               +--------+--------+--------+--------+--------+-----+--------+

Top non-repeatable levels by time:
     D:1: 781 daAuts
     D:2: 18 daAuts
